General information
- name: BNet
- type: Ladder 1vs1/FFA
- host: Battle.net
- saver: birchumm
map: TerenasStand
- players: 2
- length: 11:11
- speed: Fast
- version: 1.26 W3XP
- replay type: Public
» download(40 KB)
Players
team 1 (winner)
birchumm (
yellow | 89 APM | 993 actions | 11:11)
3 Archmage
2 Blizzard
1 Brilliance Aura
2 Blood Mage
1 Flame Strike
1 Siphon Mana
» actions
| Assign group hotkey | 49 | |
| Basic commands | 95 | |
| Build / train | 39 | |
| ESC pressed | 2 | |
| Enter build submenu | 19 | |
| Enter hero's abilities submenu | 5 | |
| Give item / drop item | 1 | |
| Right click | 446 | |
| Select / deselect | 147 | |
| Select group hotkey | 129 | |
| Use ability | 61 | |
993 total
» units
| Peasant | 12 | |
| Sorceress | 4 | |
| Spell Breaker | 3 | |
19 total
» upgrades
| Masonry | 1 | |
| Sorceress Training | 1 | |
2 total
» buildings
| Altar of Kings | 1 | |
| Farm | 9 | |
| Arcane Vault | 1 | |
| Scout Tower | 3 | |
| Keep | 1 | |
| Arcane Tower | 1 | |
| Lumber Mill | 1 | |
| Guard Tower | 1 | |
| Arcane Sanctum | 2 | |
| Blacksmith | 1 | |
21 total
» build order
00:05 Altar of Kings
00:24 Farm
00:26 Farm
00:32 Farm
01:07 Arcane Vault
02:12 Farm
02:17 Scout Tower
02:17 Scout Tower
03:10 Keep
03:11 Arcane Tower
03:27 Lumber Mill
04:17 Scout Tower
04:22 Farm
05:01 Guard Tower
05:04 Farm
06:07 Arcane Sanctum
06:13 Arcane Sanctum
06:14 Farm
07:38 Blacksmith
08:57 Farm
09:28 Farm
» items
| Mechanical Critter | 2 | |
| Scroll of Regeneration | 2 | |
| Lesser Clarity Potion | 1 | |
| Boots of Speed | 1 | |
| Staff of Teleportation | 1 | |
| Potion of Healing | 1 | |
8 total
team 2 (loser)
HappyTr33 (
teal | 88 APM | 984 actions | 11:10)
2 Archmage
1 Summon Water Elemental
1 Brilliance Aura
» actions
| Assign group hotkey | 9 | |
| Basic commands | 45 | |
| Build / train | 48 | |
| Enter build submenu | 25 | |
| Enter hero's abilities submenu | 2 | |
| Remove unit from queue | 5 | |
| Right click | 597 | |
| Select / deselect | 206 | |
| Select group hotkey | 3 | |
| Use ability | 44 | |
984 total
» units
» upgrades
» buildings
| Lumber Mill | 2 | |
| Altar of Kings | 1 | |
| Farm | 6 | |
| Barracks | 1 | |
| Scout Tower | 3 | |
| Arcane Tower | 1 | |
| Arcane Vault | 1 | |
| Keep | 1 | |
| Arcane Sanctum | 2 | |
| Guard Tower | 2 | |
20 total
» build order
00:06 Lumber Mill
01:02 Altar of Kings
01:05 Farm
01:36 Barracks
01:40 Scout Tower
01:42 Scout Tower
02:04 Farm
03:40 Scout Tower
03:49 Arcane Tower
03:59 Farm
04:19 Farm
04:56 Arcane Vault
06:09 Farm
06:39 Keep
06:59 Farm
07:04 Lumber Mill
09:01 Arcane Sanctum
09:07 Arcane Sanctum
09:26 Guard Tower
09:29 Guard Tower
» items
| Scroll of Regeneration | 2 | |
| Ivory Tower | 2 | |
| Potion of Healing | 1 | |
| Potion of Mana | 1 | |
| Scroll of Town Portal | 1 | |
7 total
Chat log
(04:35 / All) HappyTr33: u suck hahaha
(04:39 / All) birchumm: ragequit inc?
(04:41 / All) HappyTr33: u take blizzard
(04:56 / All) birchumm: killed enough peasants ):
(05:01 / All) HappyTr33: 3-4
(05:01 / All) HappyTr33: Wow
(05:08 / All) HappyTr33: i killed 1 farm
(05:17 / All) birchumm: it was a scout farm, thanks for wasting time killing it
(05:46 / All) HappyTr33: u realy suck lol
(05:54 / All) birchumm: nice surround
(07:19 / All) HappyTr33: http://www.youtube.com/watch?v=9lCIL9-LzgQ&feature=related
(07:23 / All) birchumm: wait
(07:25 / All) birchumm: im copying that in
(07:36 / All) HappyTr33: noob
(08:02 / All) HappyTr33: killing ur own peasant
(08:27 / All) HappyTr33: u killed
(08:29 / All) HappyTr33: 3 peansatn
(10:23 / All) birchumm: gg cunt
(10:27 / All) HappyTr33: gg qp
(10:28 / All) HappyTr33: Wp
(10:30 / All) birchumm: get mad
(10:30 / All) birchumm: leave
(10:31 / All) birchumm: faggot
(10:38 / All) HappyTr33: ok for what u did
(10:40 / All) HappyTr33: Kill all my base
(10:43 / All) HappyTr33: Bitch
(10:44 / All) birchumm: lol!
(10:47 / All) birchumm: you're that mad
(10:47 / All) HappyTr33: have fun
(10:52 / All) birchumm: SO ANGRY
(10:53 / All) HappyTr33: nope
(10:56 / All) birchumm: they always deny
(11:09 / All) HappyTr33: im not mad